 Dungeon Crawl Stone Soup version 0.20.1-1-g8b1a95d (webtiles) character file.

480 Irenicus the Grave Robber (level 6, -2/49 HPs)
             Began as a Deep Dwarf Necromancer on Nov 3, 2017.
             Was an Initiate of Makhleb.
             Killed by nerve-wracking pain
             ... invoked by letownia2's ghost
              (12 damage)
             ... on level 4 of the Dungeon.
             The game lasted 00:16:28 (3853 turns).

Irenicus the Grave Robber (Deep Dwarf Necromancer)  Turns: 3853, Time: 00:16:29

Health: -2/49      AC:  6    Str: 16    XL:     6   Next: 86%
Magic:  0/10       EV: 11    Int: 16    God:    Makhleb [......]
Gold:   266        SH:  0    Dex: 15    Spells: 2/11 levels left

rFire    + . .     SeeInvis .   i - +0 hand axe
rCold    + . .     Gourm    .   (no shield)
rNeg     . . .     Faith    .   j - +0 ring mail {rC+}
rPois    .         Spirit   .   (no helmet)
rElec    .         Reflect  .   (no cloak)
rCorr    .         Harm     .   k - +0 pair of gloves
MR       .....                  (no boots)
Stlth    +.........             (no amulet)
Regen    0.0/turn               e - +5 ring of strength
MPRegen  0.2/turn               A - ring of protection from fire

@: about to teleport, very slightly contaminated, non-regenerating
A: damage resistance, heal wounds, sense surroundings 1, no regeneration
a: Heal Wounds, Renounce Religion


You were on level 4 of the Dungeon.
You worshipped Makhleb.
Makhleb was noncommittal.
You were not hungry.

You visited 2 branches of the dungeon, and saw 6 of its levels.

You collected 266 gold pieces.

Inventory:

Hand Weapons
 i - a +0 hand axe (weapon)
 y - a +0 war axe
Armour
 a - a +0 robe
 g - a +0 leather armour
 j - a +0 ring mail of cold resistance (worn)
 k - a +0 pair of gloves (worn)
Jewellery
 e - a +5 ring of strength (left hand)
 r - an uncursed ring of protection from magic
 t - an uncursed amulet of faith
 A - a ring of protection from fire (right hand)
Scrolls
 d - 3 scrolls of remove curse
 o - a scroll of identify
 s - a scroll of noise {unknown}
 u - 2 scrolls of enchant weapon {unknown}
 v - a scroll of fear {unknown}
 x - a scroll of random uselessness {unknown}
Potions
 h - 2 potions of brilliance
 l - a potion of mutation
 m - 2 potions of magic
 w - 2 potions of curing
 z - a potion of agility
Books
 b - a book of Necromancy

   Spells                             Type                      Level
   a - Pain                           Necromancy                   1
   b - Animate Skeleton               Necromancy                   1
   c - Vampiric Draining              Necromancy                   3
   d - Regeneration                   Charms/Necromancy            3
   e - Animate Dead                   Necromancy                   4
   f - Control Undead                 Necromancy                   4
Comestibles
 c - 3 bread rations
 f - 2 fruits
 n - 2 royal jellies


   Skills:
 + Level 5.5 Axes
 - Level 2.1 Dodging
 - Level 2.4 Stealth
 - Level 3.0 Spellcasting
 - Level 6.1 Necromancy


You had 2 spell levels left.
You knew the following spells:

 Your Spells              Type           Power        Failure   Level  Hunger
a - Pain                  Necr           ###.         2%          1    #......
b - Animate Skeleton      Necr           N/A          2%          1    #......
c - Control Undead        Necr           ###.......   28%         4    #####..
e - Vampiric Draining     Necr           ###.......   9%          3    ###....


Dungeon Overview and Level Annotations

Branches:
Dungeon (5/15)             Temple (1/1) D:4

Altars:
Ashenzari
Cheibriados
Dithmenos
Elyvilon
Fedhas
Gozag
Hepliaklqana
Kikubaaqudgha
Makhleb
Okawaru
Qazlal
Ru
Sif Muna
Uskayaw
Vehumet
Yredelemnul
The Shining One

Shops:
D:4 }

Annotations:
D:4 letownia2's ghost, weakling DDNe
D:5 AdmiralAndromeda's ghost, novice TrHu


Innate Abilities, Weirdness & Mutations

You are resistant to damage.
You can heal yourself by infusing magical energy.
You passively map a small area around you.
You do not regenerate.


Message History

You now have 266 gold pieces (gained 4).
You are no longer poisoned.
You see here a scroll of teleportation.
Casting: Vampiric Draining
Confirm with . or Enter, or press ? or * to list all spells.
You don't have enough magic to cast that spell.
Letownia2's ghost turns its malevolent gaze towards you.
Casting: Vampiric Draining
Confirm with . or Enter, or press ? or * to list all spells.
You miscast Control Undead.
You are very lightly contaminated with residual magic.
Your bones ache.
Okay, then.
As you read the scroll of teleportation, it crumbles to dust.
You feel strangely unstable.
Letownia2's ghost hits you but does no damage.
You closely miss letownia2's ghost. You hit the worm but do no damage.
Letownia2's ghost gestures at you while chanting.
Pain shoots through your body!
You die...

#........#..#####.#
#...####.......##.# ##
##...##.##.#*### , *
##.###.##.#...# ##
)#######.# #.##.†.#.# * ,
.. .........# #.####...# ,*
#. ########## #.# *#.## ,
#. #w#####.# , #. #.@W...#<
, * * #.### #####.##*. *
##__##############.## #.##
##__.............W## #.# *
##__.###.........#.## #..#
'....# #(###........###...#
##__.###.###.#.....#>#.##.#
, ##
##__......)..#.....##.# #.#
, ..
##__......(...........#
#.#* #.


You could see a worm and letownia2's ghost.

Vanquished Creatures
  A scorpion (D:4)
  A howler monkey (D:4)
  A hound (D:5)
  An orc wizard (D:4)
  Terence (D:2)
  3 worker ants
  3 gnolls (D:3)
  7 adders
  2 shadow imps (D:5)
  An ooze (D:1)
  5 worms
  A dart slug (D:2)
  A leopard gecko (D:1)
  6 orcs
  3 giant cockroaches
  9 hobgoblins
  3 jackals (D:1)
  8 kobolds
  A quokka (D:3)
  A ball python (D:1)
  5 bats
  9 frilled lizards
  5 goblins
  A quokka skeleton (D:5)
  6 rats
85 creatures vanquished.

Vanquished Creatures (collateral kills)
  An ogre (D:4)
  A rat (D:3)
2 creatures vanquished.

Grand Total: 87 creatures vanquished

Notes
Turn   | Place    | Note
-------+----------+-------------------------------------------
     0 | D:1      | Irenicus the Deep Dwarf Necromancer began the quest for the Orb.
     0 | D:1      | Reached XP level 1. HP: 15/15 MP: 3/3
   204 | D:1      | Reached XP level 2. HP: 16/22 MP: 0/5
   359 | D:1      | Reached skill level 5 in Necromancy
   736 | D:1      | Reached XP level 3. HP: 2/28 MP: 4/6
   844 | D:1      | Learned a level 3 spell: Vampiric Draining
   846 | D:1      | Learned a level 1 spell: Animate Skeleton
   884 | D:1      | HP: 1/28 [hobgoblin/club (1)]
  1469 | D:2      | Noticed Terence
  1512 | D:2      | Killed Terence
  1512 | D:2      | Reached skill level 6 in Necromancy
  1512 | D:2      | Reached XP level 4. HP: 24/36 MP: 1/7
  2298 | D:3      | Reached skill level 1 in Axes
  2474 | D:3      | Reached XP level 5. HP: 36/42 MP: 1/8
  2741 | D:3      | Found a faded altar of an unknown god.
  3095 | D:4      | Reached XP level 6. HP: 36/49 MP: 0/10
  3232 | D:4      | Found an opulent altar of Gozag.
  3260 | D:4      | Found Roagerr's Gadget Shop.
  3315 | D:4      | Found a blossoming altar of Fedhas.
  3316 | D:4      | Found a snail-covered altar of Cheibriados.
  3317 | D:4      | Found a white marble altar of Elyvilon.
  3319 | D:4      | Found an ancient bone altar of Kikubaaqudgha.
  3319 | D:4      | Found a sacrificial altar of Ru.
  3319 | D:4      | Found a snail-covered altar of Cheibriados.
  3320 | D:4      | Found a basalt altar of Yredelemnul.
  3320 | D:4      | Found a radiant altar of Vehumet.
  3320 | D:4      | Found a hide-covered altar of Uskayaw.
  3321 | D:4      | Found a radiant altar of Vehumet.
  3321 | D:4      | Found a radiant altar of Vehumet.
  3321 | D:4      | Found a deep blue altar of Sif Muna.
  3325 | D:4      | Found a staircase to the Ecumenical Temple.
  3344 | Temple   | Entered the Ecumenical Temple
  3359 | Temple   | Became a worshipper of Makhleb the Destroyer
  3383 | D:4      | Noticed letownia2's ghost (weakling DDNe)
  3444 | D:4      | Learned a level 4 spell: Control Undead
  3494 | D:5      | Entered Level 5 of the Dungeon
  3511 | D:5      | Reached skill level 5 in Axes
  3558 | D:5      | Noticed AdmiralAndromeda's ghost (novice TrHu)
  3729 | D:5      | Noticed an ice beast
  3729 | D:5      | Noticed a sky beast
  3853 | D:4      | Killed from afar by letownia2's ghost

Skill      XL: |  1  2  3  4  5  6 |
---------------+-------------------+-----
Spellcasting   | 2 3 |  3.0
Necromancy     | 5 6 |  6.1
Axes           | 1 3 5 |  5.5
Dodging        | |  2.1
Stealth        | |  2.4

Action                   |  1- 3 |  4- 6 || total
-------------------------+-------+-------++-------
Melee: Unarmed           |    34 |       ||    34
       Hand axe          |    11 |   183 ||   194
       War axe           |       |    19 ||    19
 Cast: Pain              |    41 |    17 ||    58
       Vampiric Draining |     6 |    35 ||    41
       Animate Skeleton  |     1 |     7 ||     8
       Control Undead    |       |     4 ||     4
 Abil: Heal Wounds       |       |     1 ||     1
  Use: Scroll            |     3 |    10 ||    13
 Stab: Sleeping          |       |     1 ||     1
       Distracted        |       |     1 ||     1
  Eat: Chunk             |     3 |    12 ||    15
       Fruit             |       |     2 ||     2
Armor: Robe              |     8 |       ||     8
       Leather armour    |     3 |    21 ||    24
       Ring mail         |       |    60 ||    60
Dodge: Dodged            |    37 |   138 ||   175
